 Dungeon Crawl Stone Soup version 0.27-a0-1281-ge233d83751 (webtiles) character file.

Game seed: 6701655918770238698

977 quinnr the Magician (level 8, 0/50 HPs)
             Began as a Djinni Air Elementalist on June 13, 2021.
             Slain by Crazy Yiuf (19 damage)
             ... on level 4 of the Dungeon.
             The game lasted 00:13:16 (7441 turns).

quinnr the Magician (Djinni Air Elementalist)       Turns: 7441, Time: 00:13:17

Health: 0/50       AC:  3    Str:  7    XL:     8   Next: 39%
Gold:   335        EV: 12    Int: 19    God:
                   SH:  0    Dex: 14

rFire    + + .     SeeInvis .   g - +1 dagger (flame)
rCold    x . .     Faith    .   (no shield)
rNeg     . . .     Spirit   .   a - +0 robe
rPois    ∞         Reflect  .   (no helmet)
rElec    .         Harm     .   (no cloak)
rCorr    .         Rampage  .   m - +0 pair of gloves
Will     .....                  (boots unavailable)
Stlth    ++........             (no amulet)
HPRegen  0.16/turn              (no ring)
MPRegen  0.00/turn              (no ring)

@: flying
A: sickness immunity, fire resistance 2, cold vulnerability 1, float, innate
caster, hp casting, extra vitality 1
a: no special abilities


You were on level 4 of the Dungeon.
You visited 1 branch of the dungeon, and saw 4 of its levels.

You collected 335 gold pieces.

Inventory:

Hand Weapons
 b - a +0 whip
 g - a +1 dagger of flaming (weapon)
Armour
 a - a +0 robe (worn)
 k - a +0 buckler
 m - a +0 pair of gloves (worn)
Jewellery
 e - an amulet of faith
Scrolls
 d - 4 scrolls of teleportation {unknown}
 h - 5 scrolls of identify {unknown}
 j - a scroll of holy word {unknown}
 l - a scroll of immolation {unknown}
 n - a scroll of magic mapping {unknown}
Potions
 c - 3 potions of curing {unknown}
 f - a potion of attraction {unknown}
 i - a potion of haste {unknown}


   Skills:
 - Level 2.1 Dodging
 - Level 1.5 Stealth
 + Level 7.5 Spellcasting


You had 2 spell levels left.
You knew the following spells:

 Your Spells              Type           Power      Damage    Failure   Level
a - Shock                 Conj/Air       100%       1d9       1%          1
b - Static Discharge      Conj/Air       35%        N/A       1%          2
c - Swiftness             Air            35%        N/A       1%          3
d - Airstrike             Air            17%        N/A       4%          4
e - Lightning Bolt        Conj/Air       17%        1d32      12%         5
f - Magic Dart            Conj           100%       1d8       1%          1
g - Corpse Rot            Necr/Air       N/A        N/A       1%          2
h - Ensorcelled Hibernat  Hex/Ice        70%        N/A       1%          2
Your spell library was empty.

Dungeon Overview and Level Annotations

Branches:
Dungeon (4/15)
 Temple: D:4-7

Altars:
Ashenzari

Annotations:
D:4 Crazy Yiuf


Innate Abilities, Weirdness & Mutations

You are immune to sickness and miasma.
You are immune to poison.
Your flesh is very heat resistant. (rF++)
You are vulnerable to cold. (rC-)
You float through the air rather than walking.
You learn spells naturally, not from books.
Your magical power is your life essence.
You have superior vitality. (+4 HP)


Message History

Crazy Yiuf shouts!
Crazy Yiuf whimpers, "Paint aubergine mumblescurry!"
You reach down and open the door.
Crazy Yiuf whimpers, "Hack toodlewoodle infinity!"
Casting: Airstrike (dangerous; 4% risk of failure)
Confirm with . or Enter, or press ? or * to list all spells.
Aiming: Ensorcelled Hibernation (safe; 1% risk of failure)
Press: ? - help, Shift-Dir - straight line, f - Crazy Yiuf
Aim: Crazy Yiuf, wielding a +2 quarterstaff of chaos and wearing a +2 cloak of willpower (chance to affect: 37%) Crazy Yiuf easily resists.
Crazy Yiuf cries, "You leg down broken song, no?"
Crazy Yiuf hits you with a +2 quarterstaff of chaos!
Crazy Yiuf burns you.
Casting: Ensorcelled Hibernation (safe; 1% risk of failure)
Confirm with . or Enter, or press ? or * to list all spells.
The spell is quite dangerous to cast (12% risk of failure)!
Continue anyway? [Y]es or [N]o only, please.
The spell is quite dangerous to cast (12% risk of failure)!
Continue anyway? [Y]es or [N]o only, please.
The spell is quite dangerous to cast (12% risk of failure)!
Continue anyway?
Aiming: Lightning Bolt (quite dangerous; 12% risk of failure)
Press: ? - help, Shift-Dir - straight line, f/p - Crazy Yiuf
Aim: Crazy Yiuf, wielding a +2 quarterstaff of chaos and wearing a +2 cloak of willpower (65% to hit)
You hear a mighty clap of thunder!
The bolt of lightning hits Crazy Yiuf.
Crazy Yiuf is moderately wounded.
Crazy Yiuf barely misses you.
Unknown command.
Casting: Lightning Bolt (quite dangerous; 12% risk of failure)
Confirm with . or Enter, or press ? or * to list all spells.
The spell is quite dangerous to cast (12% risk of failure)!
Continue anyway?
Aiming: Lightning Bolt (quite dangerous; 12% risk of failure)
Press: ? - help, Shift-Dir - straight line, f/p - Crazy Yiuf
Aim: Crazy Yiuf, wielding a +2 quarterstaff of chaos and wearing a +2 cloak of willpower (moderately wounded, 65% to hit)
You hear a mighty clap of thunder!
The bolt of lightning hits Crazy Yiuf.
Crazy Yiuf is heavily wounded.
Crazy Yiuf hits you with a +2 quarterstaff of chaos!
You are electrocuted!!
You die...

#....###.........##
##..## #...........
♣....♣ #...........
♣♣...♣ #...(.......
♣♣.♣♣ #.........#.
♣♣.♣ #.........##
♣.♣♣ #..##.....##
♣♣.♣ #...........
♣@♣♣ #..........#
#g# #..........#
... #...........
#...# #.....(..#..
#)..# #....##..#..
##### #...........
#...........
#...........
##..........


You could see Crazy Yiuf.

Vanquished Creatures
  A wyvern (D:4)
  An ogre (D:4)
  A gnoll sergeant (D:4)
  A water moccasin skeleton (D:4)
  A howler monkey (D:4)
  A hound (D:4)
  A gnoll shaman (D:4)
  An orc priest (D:4)
  An iguana (D:4)
  An orc wizard (D:3)
  29 gnolls
  2 adders
  2 worms (D:2)
  3 dart slugs
  22 orcs
  2 endoplasms
  A giant cockroach (D:2)
  2 goblins
  5 hobgoblins
  30 jackals
  7 kobolds
  4 quokkas
  11 ball pythons
  8 bats
  4 frilled lizards
  6 rats
148 creatures vanquished.

Notes
Turn   | Place    | Note
-------+----------+-------------------------------------------
     0 | D:1      | quinnr the Djinni Air Elementalist began the quest for the
                  | Orb.
     0 | D:1      | Reached XP level 1. HP: 15/15 MP: 0/0
    32 | D:1      | Reached XP level 2. HP: 10/21 MP: 0/0
   214 | D:1      | Reached skill level 3 in Spellcasting
   393 | D:1      | Reached XP level 3. HP: 24/25 MP: 0/0
   393 | D:1      | Learned a level 1 spell: Magic Dart
  1064 | D:1      | Found a faded altar of an unknown god.
  1389 | D:2      | Found a broken altar of Ashenzari.
  1391 | D:2      | quinnr: !whichgod DjAE
  1391 | D:2      | beem: 33 recent wins for DjAE: 15x Makhleb, 6x Ashenzari,
                  | 2x Hepliaklqana, 2x Gozag, 2x The Shining One, Jiyva,
                  | Qazlal, Dithmenos, Fedhas, Cheibriados, Uskayaw
  1490 | D:2      | Reached XP level 4. HP: 29/31 MP: 0/0
  2400 | D:2      | Reached skill level 4 in Spellcasting
  2401 | D:2      | Reached XP level 5. HP: 16/35 MP: 0/0
  2401 | D:2      | Learned a level 2 spell: Corpse Rot
  3456 | D:3      | Reached XP level 6. HP: 36/40 MP: 0/0
  4338 | D:4      | Reached skill level 5 in Spellcasting
  4630 | D:4      | Noticed an ogre
  4632 | D:4      | Killed an ogre
  4645 | D:4      | Reached XP level 7. HP: 23/45 MP: 0/0
  4645 | D:4      | Learned a level 2 spell: Ensorcelled Hibernation
  5089 | D:4      | Noticed a wyvern
  5093 | D:4      | Killed a wyvern
  5094 | D:4      | Reached skill level 6 in Spellcasting
  5542 | D:4      | Reached XP level 8. HP: 39/50 MP: 0/0
  5961 | D:4      | Reached skill level 7 in Spellcasting
  6981 | D:4      | Found a runed translucent door.
  6982 | D:4      | Noticed Crazy Yiuf
  7441 | D:4      | Slain by Crazy Yiuf

Illustrated notes

Levels and vault maps discovered:
D:1:      roderic_dead_forest, layout_basic, ebering_ecumenical_altar_abandoned,
          minmay_parallelograms, hex_tiny, minmay_quantized
D:2:      minmay_door_path, layout_basic, basic_altar
D:3:      layout_basic
D:4:      lemuel_castle_with_subvaults [lemuel_castle_interior_carwin_2],
          layout_cave_pools, uniq_crazy_yiuf_cottage

Skill      XL: |  1  2  3  4  5  6  7  8 |
---------------+-------------------------+-----
Spellcasting   | 3 4 5 6 7 |  7.5
Dodging        | |  2.1
Stealth        | |  1.5

Action                   |  1- 3 |  4- 6 |  7- 9 || total
-------------------------+-------+-------+-------++-------
Melee: Dagger            |       |     1 |     1 ||     2
 Cast: Shock             |    54 |    81 |    29 ||   164
       Static Discharge  |     1 |    12 |     1 ||    14
       Airstrike         |       |    11 |    60 ||    71
       Magic Dart        |       |     3 |       ||     3
       Lightning Bolt    |       |       |     4 ||     4
       Ensorcelled Hiber |       |       |     2 ||     2
       Swiftness         |       |       |     1 ||     1
 Stab: Sleeping          |       |     1 |       ||     1
Armor: Robe              |       |     2 |     1 ||     3
Dodge: Dodged            |     7 |     6 |     8 ||    21

Table legend: (Time is in decaauts)
 A = Elapsed time spent in this place.
 B = Non-inter-level travel time spent in this place.
 C = Inter-level travel time spent in this place.
 D = Time resting spent in this place.
 E = Time spent auto-exploring this place.
 F = Levels seen in this place.
 G = Mean time per level.
                   A        B        C        D        E       F      G
               +--------+--------+--------+--------+--------+-----+--------+
         Total |   7453 |   7206 |    247 |   2111 |   4416 |   4 | 1863.2 |
       Dungeon |   7453 |   7206 |    247 |   2111 |   4416 |   4 | 1863.2 |
               +--------+--------+--------+--------+--------+-----+--------+

Top non-repeatable levels by time:
     D:3: 2395 daAuts
     D:1: 1709 daAuts
     D:4: 1697 daAuts
     D:2: 1652 daAuts
